 Dungeon Crawl Stone Soup version 0.30-a0-169-g06f667207d (webtiles) character file.

Game seed: 1108173352313090757

525 qw the Chopper (level 7, -3/43 HPs)
             Began as a Gargoyle Fighter on Sept 29, 2022.
             Slain by Pikel
             ... wielding a +2 whip of flaming
              (7 damage)
             ... on level 4 of the Dungeon.
             The game lasted 00:01:28 (4332 turns).

qw the Chopper (Gargoyle Fighter)                   Turns: 4332, Time: 00:01:29

Health: -3/43      AC: 18    Str: 20    XL:     7   Next: 23%
Magic:  7/7        EV:  9    Int: 13    God:
Gold:   184        SH:  4    Dex:  8    Spells: 6/6 levels left

rFire   . . .      SeeInvis .    Y - +0 war axe
rCold   . . .      Faith    .    c - +0 buckler
rNeg    + . .      Spirit   .    b - +0 scale mail
rPois   inf        Reflect  .    (helmet restricted)
rElec   +          Harm     .    (no cloak)
rCorr   .          Rampage  .    (no gloves)
Will    .....                    i - +2 pair of boots
Stlth   ..........               (no amulet)
HPRegen 0.14/turn                g - +4 ring of protection
MPRegen 0.10/turn                (no ring)

@: no status effects
A: sickness immunity, AC +4, negative energy resistance 1, electricity
resistance, torment resistance 1, petrification resistance, beak, clever 1
a: no special abilities


You were on level 4 of the Dungeon.
You visited 1 branch of the dungeon, and saw 4 of its levels.

You collected 184 gold pieces.


Innate Abilities, Weirdness & Mutations

You are immune to sickness and miasma.
Your stone body is resilient. (AC +4)
You are immune to poison.
You resist negative energy. (rN+)
You are resistant to electric shocks. (rElec)
You are resistant to unholy torment.
You are immune to petrification.
You have a beak for a mouth.
Your mind is acute. (Int +4, Str/Dex -1)


   Skills:
 - Level 4.2 Fighting
 + Level 6.0 Axes
 - Level 3.2 Armour
 - Level 2.3 Dodging
 - Level 3.2 Shields


You had 6 spell levels left.
You didn't know any spells.
Your spell library was empty.

Inventory:

Hand Weapons
 r - a +0 flail
 Y - a +0 war axe (weapon)
Armour
 b - a +0 scale mail (worn)
 c - a +0 buckler (worn)
 i - a +2 pair of boots (worn)
Jewellery
 g - a +4 ring of protection (left hand)
Potions
 a - a potion of heal wounds {unknown}
 d - a potion of might
 o - a potion of attraction {unknown}
 q - a potion of curing {unknown}

Dungeon Overview and Level Annotations

Branches:
Dungeon (4/15)
 Temple: D:4-7

Altars:

Annotations:
D:4 Natasha, Pikel


Message History

Edmund is heavily wounded.
You closely miss Pikel. Edmund hits you but does no damage.
Pikel barely misses you.
The white imp sputters.
You hit Edmund. You peck Edmund, but do no damage.
Edmund is severely wounded.
You slash Pikel!
Edmund hits you with a +3 flail of protection.
Pikel hits you but does no damage. Edmund barely misses you.
Pikel hits you but does no damage.
You slash Edmund!
Edmund is almost dead.
You hit Pikel but do no damage. You hit the lemure.
Edmund says, "People will remember me!
They'll remember me and die!"
You block Edmund's attack. The lemure hits you but does no damage.
Pikel closely misses you.
You completely miss Edmund.
Edmund is almost dead.
You closely miss the lemure. You hit Pikel. Edmund closely misses you.
Pikel barely misses you. You block the lemure's attack.
You hit Edmund.
Edmund is almost dead.
You barely miss Pikel. You hit the lemure.
You hear some strange, mumbled words.
Edmund hits you but does no damage. Pikel closely misses you.
The lemure barely misses you.
You hit Edmund.
You kill Edmund!
You hit Pikel. You barely miss the lemure. You block Pikel's attack.
The lemure hits you! Pikel completely misses you. The lemure misses you.
Your Dodging skill gained 2 levels and is now at level 2!
You have reached level 7!
You hit Pikel. You peck Pikel, but do no damage.
Pikel is heavily wounded.
You miss something. You hit the lemure but do no damage.
Something claws you but does no damage. The lemure barely misses you.
Pikel hits you with a +2 whip of flaming!
You die...

#.# #.# # ?.. .## #.#
... #5# ..##.##5#
.....5#)# #.$..5K@#
##.#..#5###
#.....5..# #.#..#.#.#
. #.#..#.#.# ..
....#.#.######...
#....................
...#.#.#.............
####...#............


You could see Pikel, 4 lemures and 2 white imps.

Vanquished Creatures
  Edmund (D:4)
  A black bear (D:4)
  A scorpion (D:4)
  An orc priest (D:3)
  A hound (D:4)
  Ijyb (D:4)
  Natasha (D:4)
  2 gnolls (D:4)
  5 adders
  5 worms
  2 dart slugs
  3 orcs (D:3)
  8 bats
  4 endoplasms
  4 giant cockroaches
  4 goblins
  2 hobgoblins (D:2)
  4 jackals (D:2)
  3 quokkas
  4 ball pythons
  6 frilled lizards
  7 kobolds
  9 rats
79 creatures vanquished.

Notes
Turn   | Place    | Note
-------+----------+-------------------------------------------
     0 | D:1      | qw the Gargoyle Fighter began the quest for the Orb.
     0 | D:1      | Reached XP level 1. HP: 14/14 MP: 1/1
     0 | D:1      | 0 ||| qw: Version: 0.2-a-12-gaebbb33
     0 | D:1      | 0 ||| qw: Game counter: 1352
     0 | D:1      | 0 ||| qw: Always use a shield: true
     0 | D:1      | 0 ||| qw: God list: Okawaru
     0 | D:1      | 0 ||| qw: Allow faded altars: false
     0 | D:1      | 0 ||| qw: Do Orc after D:15 true
     0 | D:1      | 0 ||| qw: Do second Lair branch before Depths: true
     0 | D:1      | 0 ||| qw: Lair rune preference: random
     0 | D:1      | 0 ||| qw: Plans: Normal, Zot:1-4, God:TSO, Crypt, Tomb,
                  | Pan, Slime:5, Hells, Abyss, Orb
     0 | D:1      | 0 ||| PLANNING D:1-11
    59 | D:1      | 59 ||| Stepping ~*~*~tactically~*~*~ (stealth).
    70 | D:1      | Reached skill level 2 in Axes
   240 | D:1      | 240 ||| Stepping ~*~*~tactically~*~*~ (hiding).
   242 | D:1      | 242 ||| Stepping ~*~*~tactically~*~*~ (hiding).
   250 | D:1      | Reached XP level 2. HP: 19/19 MP: 2/2
  1062 | D:1      | Found a faded altar of an unknown god.
  1143 | D:1      | 1143 ||| UPGRADING to +2 pair of boots.
  1148 | D:1      | 1148 ||| READING scroll labelled WECEON FIM.
  1149 | D:1      | 1149 ||| READING scroll labelled PUEGYO SOEMUEH.
  1150 | D:1      | 1150 ||| READING scroll labelled BYVOICR MEFOUMASAU.
  1204 | D:2      | Reached skill level 3 in Axes
  1308 | D:2      | Reached XP level 3. HP: 21/23 MP: 3/3
  1837 | D:2      | Reached XP level 4. HP: 28/28 MP: 4/4
  2153 | D:2      | Reached skill level 4 in Axes
  2454 | D:2      | 2454 ||| Stepping ~*~*~tactically~*~*~ (stealth).
  2490 | D:2      | 2490 ||| UPGRADING to +0 helmet.
  2495 | D:2      | 2495 ||| READING 2 scrolls labelled JUSKULAUCK.
  2500 | D:2      | 2500 ||| READING scroll labelled CEEZXIE VALUW.
  2501 | D:2      | 2501 ||| DRINKING 2 fizzy inky potions.
  2602 | D:2      | 2602 ||| DROPPING potion of ambrosia.
  2620 | D:3      | 2620 ||| PLANNING SEWER
  2632 | D:3      | 2632 ||| Stepping ~*~*~tactically~*~*~ (stealth).
  2633 | D:3      | 2633 ||| Stepping ~*~*~tactically~*~*~ (stealth).
  2634 | D:3      | 2634 ||| Stepping ~*~*~tactically~*~*~ (stealth).
  2829 | D:3      | 2829 ||| Stepping ~*~*~tactically~*~*~ (stealth).
  3113 | D:3      | Reached XP level 5. HP: 28/32 MP: 5/5
  3225 | D:3      | 3225 ||| Stepping ~*~*~tactically~*~*~ (hiding).
  3241 | D:3      | Reached skill level 5 in Axes
  3285 | D:3      | 3285 ||| RIP SEWER
  3437 | D:3      | 3437 ||| PLANNING D:1-11
  3439 | D:3      | 3439 ||| DROPPING +0 whip.
  3602 | D:3      | 3602 ||| UPGRADING to +4 ring of protection.
  3603 | D:3      | 3603 ||| READING scroll labelled SEEDIRR QEMMUS.
  3604 | D:3      | 3604 ||| READING scroll labelled NIMYHI YROE.
  3605 | D:3      | 3605 ||| READING scroll labelled PIUL AHESHROHI.
  3606 | D:3      | 3606 ||| READING scroll labelled MOHUEM XOLA.
  3607 | D:3      | 3607 ||| DRINKING 3 murky clear potions.
  3608 | D:3      | 3608 ||| DRINKING 2 sedimented pink potions.
  3608 | D:3      | Gained mutation: You are frail. (-10% HP) [potion of
                  | mutation]
  3608 | D:3      | Gained mutation: You have a beak for a mouth. [potion of
                  | mutation]
  3608 | D:3      | Gained mutation: Your body sometimes deteriorates upon
                  | taking damage. [potion of mutation]
  3609 | D:3      | 3609 ||| DRINKING potion of mutation.
  3609 | D:3      | Lost mutation: You are frail. (-10% HP) [potion of
                  | mutation]
  3609 | D:3      | Lost mutation: Your body sometimes deteriorates upon taking
                  | damage. [potion of mutation]
  3609 | D:3      | Gained mutation: Your mind is acute. (Int +4, Str/Dex -1)
                  | [potion of mutation]
  3646 | D:3      | 3646 ||| DROPPING +0 helmet.
  3647 | D:3      | 3647 ||| DROPPING 2 potions of magic.
  3883 | D:4      | Noticed a black bear
  3898 | D:4      | Killed a black bear
  3899 | D:4      | Reached XP level 6. HP: 28/38 MP: 6/6
  4003 | D:4      | 4003 ||| Stepping ~*~*~tactically~*~*~ (hiding).
  4007 | D:4      | Noticed Natasha
  4012 | D:4      | 4012 ||| Stepping ~*~*~tactically~*~*~ (hiding).
  4021 | D:4      | 4021 ||| Stepping ~*~*~tactically~*~*~ (hiding).
  4029 | D:4      | Killed Natasha
  4031 | D:4      | HP: 9/38 [gnoll/+0 spear[a gnoll bouda] (2)]
  4032 | D:4      | 4032 ||| READING scroll of teleportation.
  4058 | D:4      | 4058 ||| FLEEEEING.
  4059 | D:4      | 4059 ||| FLEEEEING.
  4060 | D:4      | 4060 ||| FLEEEEING.
  4061 | D:4      | 4061 ||| FLEEEEING.
  4064 | D:4      | 4064 ||| FLEEEEING.
  4065 | D:4      | 4065 ||| FLEEEEING.
  4068 | D:4      | 4068 ||| FLEEEEING.
  4069 | D:4      | 4069 ||| FLEEEEING.
  4070 | D:4      | 4070 ||| STAIRDANCE
  4309 | D:4      | Noticed Ijyb
  4311 | D:4      | Noticed Edmund
  4314 | D:4      | Noticed Natasha
  4319 | D:4      | Noticed Pikel
  4320 | D:4      | Killed Ijyb
  4321 | D:4      | Reached skill level 6 in Axes
  4331 | D:4      | Killed Edmund
  4331 | D:4      | HP: 4/38 [lemure[Pikel] (7)]
  4332 | D:4      | Reached XP level 7. HP: 4/43 MP: 7/7
  4332 | D:4      | Slain by Pikel

Levels and vault maps discovered:
D:1:      lightli_arrival_windingriver, layout_basic,
          dilly_ecumenical_altar_fadedgnrine
D:2:      layout_basic, hex_large, minmay_quadrilaterals
D:3:      layout_loops_cross, portal_sewer_entry_e, wad_floor_pattern_1,
          hangedman_decor_riveting
D:4:      layout_loops_cross, uniq_natasha, uniq_pikel, uniq_edmund, uniq_ijyb

Skill      XL: |  1  2  3  4  5  6 |
---------------+-------------------+-----
Axes           | 2 3 4 5 6 |  6.0
Fighting       | 4 |  4.2
Dodging        | 2 |  2.3
Armour         | |  3.2
Shields        | |  3.2

Action                   |  1- 3 |  4- 6 |  7- 9 || total
-------------------------+-------+-------+-------++-------
Melee: War axe           |   131 |   196 |     1 ||   328
       Peck              |       |    11 |     1 ||    12
  Use: Scroll            |     3 |     7 |       ||    10
       Potion            |       |     4 |       ||     4
Armor: Scale mail        |    75 |   143 |     1 ||   219
Dodge: Dodged            |    49 |    98 |     1 ||   148
Block: Buckler           |    23 |    48 |       ||    71

Table legend:
 A = Non-vault XP
 B = Vault XP
 C = Vault XP percentage of total XP
 D = Non-vault monster count
 E = Vault monster count
 F = Vault count percentage of total count
                 A         B        C        D         E       F
            +---------+---------+-------+---------+---------+-------
      Total |     509 |     242 |  32.2 |      72 |       7 |   8.9
            +---------+---------+-------+---------+---------+-------
        D:1 |      27 |       0 |   0.0 |      17 |       0 |   0.0
        D:2 |      70 |       7 |   9.1 |      27 |       4 |  12.9
        D:3 |     125 |       0 |   0.0 |      20 |       0 |   0.0
        D:4 |     287 |     235 |  45.0 |       8 |       3 |  27.3
            +---------+---------+-------+---------+---------+-------
